 Dungeon Crawl Stone Soup version 0.29.1-2-gbd0b4ee654 (webtiles) character file.

Game seed: 921622338530505556

79 xian the Trooper (level 4, 0/37 HPs)
             Began as a Demonspawn Abyssal Knight on Nov 13, 2022.
             Was a Believer of Lugonu.
             Slain by an orc
             ... wielding a +0 club
              (2 damage)
             ... on level 3 of the Dungeon on Nov 16, 2022.
             The game lasted 00:06:22 (2638 turns).

xian the Trooper (Demonspawn Abyssal Knight)        Turns: 2638, Time: 00:06:23

Health: 0/37       AC: 13    Str: 15    XL:     4   Next: 17%
Magic:  6/6        EV:  6    Int: 12    God:    Lugonu [**....]
Gold:   132        SH:  0    Dex: 13    Spells: 3/3 levels left

rFire   + . .      SeeInvis .   a - +1 short sword
rCold   + . .      Faith    .   (no shield)
rNeg    . . .      Spirit   .   f - +0 chain mail
rPois   +          Reflect  .   e - +0 helmet
rElec   +          Harm     .   d - scarf {repulsion}
rCorr   +          Rampage  .   q - +0 pair of gloves
Will    .....                   (no boots)
Stlth   ..........              (no amulet)
HPRegen 0.12/turn               (no ring)
MPRegen 0.10/turn               (no ring)

@: brilliant, lethally poisoned (0 -> -12), resistant, attractive, repel
missiles
A: yellow scales 1
a: Renounce Religion, Depart the Abyss, Bend Space


You were on level 3 of the Dungeon.
You worshipped Lugonu.
Lugonu was pleased with you.
You visited 1 branch of the dungeon, and saw 3 of its levels.
You visited the Abyss 1 time.

You collected 132 gold pieces.

Inventory:

Hand Weapons
 a - a +1 short sword (weapon)
Armour
 d - a scarf of repulsion (worn)
 e - a +0 helmet (worn)
 f - a +0 chain mail (worn)
 q - a +0 pair of gloves (worn)
Scrolls
 c - 2 scrolls of vulnerability {unknown}
 g - a scroll of fear {unknown}
 j - 6 scrolls of identify {unknown}
 l - 2 scrolls of teleportation {unknown}
 o - a scroll of noise {unknown}
 p - a scroll of butterflies {unknown}


   Skills:
 + Level 4.0 Fighting
 + Level 2.3 Short Blades
 + Level 2.2 Armour
 + Level 1.2 Dodging
 + Level 0.2 Stealth
 * Level 3.0 Invocations


You had 3 spell levels left.
You didn't know any spells.
Your spell library contained the following spells:

 Spells                   Type           Power      Damage    Failure   Level
 Apportation              Tloc           0%         N/A       100%        1
 Summon Small Mammal      Summ           0%         N/A       100%        1
 Call Canine Familiar     Summ           0%         N/A       100%        3
 Summon Guardian Golem    Hex/Summ       0%         N/A       100%        3


Dungeon Overview and Level Annotations

Branches:
Dungeon (3/15)

Altars:


Innate Abilities, Weirdness & Mutations

You are partially covered in yellow scales. (AC +2)


Message History

You feel clever all of a sudden. Something hits you.
You are poisoned.
The orc wizard hits you with a +0 dagger.
The orc hits you but does no damage.
Unknown command.
It was a potion of resistance.
You feel protected.
* * * LOW HITPOINT WARNING * * *
You feel very sick. Something hits you but does no damage.
The orc wizard hits you but does no damage.
The orc barely misses you.
It was a potion of magic.
Magic courses through your body.
* * * LOW HITPOINT WARNING * * *
You feel sick. Something hits you but does no damage.
The orc wizard hits you but does no damage.
The orc barely misses you.
Unknown command.
It was a potion of attraction.
You feel attractive to monsters.
* * * LOW HITPOINT WARNING * * *
You feel sick. Something hits you but does no damage.
The orc wizard hits you with a +0 dagger.
* * * LOW HITPOINT WARNING * * *
The orc hits you but does no damage.
You hit something.
* * * LOW HITPOINT WARNING * * *
You feel sick. Something hits you but does no damage.
The orc wizard hits you but does no damage.
The orc hits you but does no damage.
Unknown command.
You bump into the rock wall.
You feel less confused.
* * * LOW HITPOINT WARNING * * *
You feel sick. Something hits you but does no damage.
You are more poisoned.
The orc wizard hits you but does no damage.
The orc hits you with a +0 club.
You die...

.............# #........#
....>........###########........#
.................................
.............#..................#
....).......##..................#
#..........##..........)........#
########.###....................#
#.#...#..{o..............#
#.#.###..@oo.............# #.#.#
#########.##........ ###.#.#
#..#........ ###.....#
##...o...... #...#.### ##...!....
####.###.# #........ ..#....>.##
.[....... .)........# #........
.....>....# #.......#


You could see an orc wizard and 2 orcs.

Vanquished Creatures
  4 adders (D:2)
  A dart slug (D:2)
  5 ball pythons
  5 endoplasms
  5 goblins
  3 hobgoblins (D:1)
  2 quokkas (D:1)
  8 bats
  A frilled lizard (D:1)
  4 kobolds
  5 rats
43 creatures vanquished.

Vanquished Creatures (others)
  A plant (D:2)
1 creature vanquished.

Grand Total: 44 creatures vanquished

Notes
Turn   | Place    | Note
-------+----------+-------------------------------------------
     0 | Abyss:1  | xian the Demonspawn Abyssal Knight began the quest for the
                  | Orb.
     0 | Abyss:1  | Reached XP level 1. HP: 18/18 MP: 2/2
   320 | Abyss:1  | Noticed an apocalypse crab
   321 | D:1      | Escaped the Abyss
   495 | D:1      | Reached skill level 1 in Dodging
   584 | D:1      | Gained mutation: You are partially covered in yellow
                  | scales. (AC +2) [demonic ancestry]
   584 | D:1      | Reached XP level 2. HP: 22/24 MP: 3/3
  1345 | D:2      | Found a faded altar of an unknown god.
  1355 | D:2      | Got Plato's Codex of Shifting
  1416 | D:2      | Reached XP level 3. HP: 30/30 MP: 5/5
  2011 | D:2      | Reached skill level 4 in Fighting
  2183 | D:2      | Reached XP level 4. HP: 37/37 MP: 6/6
  2638 | D:3      | Slain by an orc

Illustrated notes

Levels and vault maps discovered:
D:1:      sevenhm_arrival_forest_fort_large_2, layout_basic
D:2:      layout_loops_corners, serial_glass, glass_columns_c, glass_columns_a,
          item_on_display_a, feat_on_display,
          shapermc_ecumenical_altar_rom_forum
D:3:      layout_rooms, uniq_crazy_yiuf_cottage

Skill      XL: |  1  2  3 |
---------------+----------+-----
Dodging        | 1 |  1.2
Armour         | 2 |  2.2
Short Blades   | 2 |  2.3
Fighting       | 4 |  4.0
Invocations    | 3 |  3.0
Stealth        | |  0.2

Action                   |  1- 3 |  4- 6 || total
-------------------------+-------+-------++-------
Melee: Short sword       |   133 |    28 ||   161
       Punch             |     1 |     1 ||     2
Invok: Depart the Abyss  |     1 |       ||     1
  Use: Potion            |       |     6 ||     6
Armor: Leather armour    |    18 |       ||    18
       Chain mail        |    69 |    47 ||   116
Dodge: Dodged            |    57 |     7 ||    64
       Repelled          |       |     2 ||     2
